[Event "Titled Tuesday Blitz December 14 2021"]
[White "Yeremyan, Alen"]
[Black "Zierk, Steven"]
[WhiteFideId "13308998"]
[BlackFideId "2034255"]
[WhiteElo "2158"]
[BlackElo "2494"]
[Result "0-1"]
[Round "09"]
[TimeControl "180+1"]
[Date "2021.12.14"]
[WhiteClock "0:00:01"]
[BlackClock "0:00:08"]

1. e4 e6 2. d4 d5 3. e5 c5 4. c3 Nc6 5. Nf3 Bd7 6. Bd3 cxd4 7. O-O dxc3 8. Nxc3 Nge7 9. Re1 Ng6 10. g3 Bc5 11. h4 a6 12. h5 Nge7 13. Kg2 h6 14. Bf4 Nd4 15. Rc1 Rc8 16. Nxd4 Bxd4 17. Qg4 Bxc3 18. bxc3 Kf8 19. Be3 Bb5 20. Bb1 Qd7 21. Bd4 Nf5 22. Bxf5 exf5 23. Qxg7+ Kxg7 24. e6+ f6 25. exd7 Rcf8 26. Re7+ Rf7 27. Rce1 Bxd7 28. R7e2 f4 29. Kf3 fxg3 30. fxg3 Bf5 31. Kf4 Be4 32. a4 Kh7 33. c4 Rg8 34. cxd5 f5 35. Rf2 Re7 36. d6 Re6 37. d7 Rg4+ 38. Ke3 Rxg3+ 39. Kf4 Rg4+ 40. Ke3 Bc6+ 41. Kd3 Bxd7 42. Rxe6 Bxe6 43. Re2 Rg3+ 44. Kc2 Bb3+ 45. Kb2 Bxa4 46. Re7+ Kg8 47. Rxb7 Rg5 48. Rb6 Rxh5 49. Rxa6 Bb5 50. Rb6 Bd3 51. Kc3 Be4 52. Be5 Rh1 53. Kd4 h5 54. Bf4 Kf7 55. Ke5 h4 56. Rh6 h3 57. Rh7+ Kg6 58. Rh6+ Kg7 59. Rh4 Bc2 60. Bg3 Bd3 61. Kf4 Kg6 62. Rh8 Be2 63. Ke5 Bg4 64. Kf4 Rg1 65. Rh4 Rf1+ 66. Ke5 Rf3 67. Bf4 Rf2 68. Rh8 Re2+ 69. Kd6 Re4 70. Bh2 f4 71. Rg8+ Kf5 72. Rf8+ Kg5 73. Rg8+ Kh4 74. Rf8 f3 75. Rh8+ Bh5 76. Rf8 Re2 77. Be5 Rxe5 78. Kxe5 h2 0-1


[Site "https://www.chess.com"]

[Event "Titled Tuesday Blitz December 14 2021"]
[White "Zubov, Alexander"]
[Black "Arutinian, David"]
[WhiteFideId "14109409"]
[BlackFideId "13601741"]
[WhiteElo "2685"]
[BlackElo "2525"]
[Result "1-0"]
[Round "09"]
[TimeControl "180+1"]
[Date "2021.12.14"]
[WhiteClock "0:00:04"]
[BlackClock "0:00:14"]

1. d4 Nf6 2. c4 e6 3. Nc3 Bb4 4. e3 O-O 5. Ne2 d5 6. a3 Be7 7. Ng3 c5 8. dxc5 Bxc5 9. b4 Be7 10. cxd5 exd5 11. Bd3 Nc6 12. Nce2 a5 13. b5 Ne5 14. Bb2 Bd6 15. O-O Re8 16. a4 g6 17. Nf4 h5 18. Be2 h4 19. Nh1 h3 20. Ng3 hxg2 21. Kxg2 b6 22. Bd4 Bb7 23. Rc1 Bc5 24. Bxc5 bxc5 25. Rxc5 d4+ 26. Kg1 Ned7 27. Rg5 dxe3 28. fxe3 Rxe3 29. Qd4 Qe7 30. Bc4 Kh7 31. Bxf7 Rxg3+ 32. Rxg3 Qxf7 33. Nxg6 Qxg6 34. Rxg6 Kxg6 35. Re1 Rg8 36. Re7 Kf5+ 37. Kf1 Rg4 38. Rxd7 Rxd4 39. Rxd4 Bd5 40. Ke2 Ke5 41. Rh4 Ne4 42. Ke3 Nc3 43. Rh5+ Kd6 44. h4 Nxa4 45. Rh8 Nc5 46. h5 a4 47. h6 Ne6 48. Rg8 a3 49. h7 Nc5 50. h8=Q Bxg8 51. Qxg8 Kc7 52. Qc4 Kb6 53. Kd4 Nd7 54. Qc6+ Ka5 55. Qxd7 Kb4 56. Qa7 a2 57. b6 a1=Q+ 58. Qxa1 1-0


[Site "https://www.chess.com"]

[Event "Titled Tuesday Blitz December 14 2021"]
[White "Aggelis, Nikolaos"]
[Black "Vokhidov, Shamsiddin"]
[WhiteFideId "4213220"]
[BlackFideId "14204223"]
[WhiteElo "2154"]
[BlackElo "2613"]
[Result "0-1"]
[Round "10"]
[TimeControl "180+1"]
[Date "2021.12.14"]
[WhiteClock "0:00:47"]
[BlackClock "0:00:49"]

1. d4 Nf6 2. g3 c5 3. Nf3 cxd4 4. Nxd4 e5 5. Nb3 d5 6. Bg2 h6 7. O-O Nc6 8. Nc3 Be6 9. f4 exf4 10. gxf4 g6 11. Kh1 Be7 12. Be3 O-O 13. f5 Bxf5 14. Rxf5 gxf5 15. Bxh6 Ng4 16. Qd2 d4 17. Nd5 Bd6 18. Bxf8 Kxf8 19. h3 Qh4 20. e4 Qg3 21. Kg1 Ne3 22. Nxe3 dxe3 23. Qe1 Qh2+ 24. Kf1 Qf4+ 25. Ke2 fxe4 26. Qg1 Nb4 27. c3 Nd5 28. Rd1 Qe5 29. Rxd5 Qxd5 30. Qxe3 Re8 31. Qh6+ Kg8 32. Nd4 Bf8 33. Qf4 Qe5 34. Qxe5 Rxe5 35. h4 f5 36. Bh3 f4 37. Bf5 f3+ 38. Ke3 Bc5 39. Bxe4 Rxe4+ 40. Kxf3 Rxh4 0-1


[Site "https://www.chess.com"]

[Event "Titled Tuesday Blitz December 14 2021"]
[White "Artemiev, Vladislav"]
[Black "Donchenko, Alexander"]
[WhiteFideId "24101605"]
[BlackFideId "24603295"]
[WhiteElo "2830"]
[BlackElo "2494"]
[Result "1-0"]
[Round "10"]
[TimeControl "180+1"]
[Date "2021.12.14"]
[WhiteClock "0:00:19"]
[BlackClock "0:00:05"]

1. Nf3 Nf6 2. g3 b6 3. Bg2 Bb7 4. O-O g6 5. b3 Bg7 6. Bb2 O-O 7. c4 d6 8. d4 Nbd7 9. Qc2 c5 10. Nc3 cxd4 11. Nxd4 Bxg2 12. Kxg2 Qc8 13. e4 Qb7 14. Rfe1 a6 15. a4 Rac8 16. Rad1 Rfe8 17. Nd5 e6 18. Nxf6+ Bxf6 19. Nf3 d5 20. exd5 exd5 21. Rxe8+ Rxe8 22. Rxd5 Bxb2 23. Qxb2 Nc5 24. b4 Nxa4 25. Qd4 a5 26. Ne5 h5 27. Nd7 Re7 28. Nf6+ Kf8 29. Kf1 axb4 30. Rd8+ Kg7 31. Rg8+ Kh6 32. Qf4+ 1-0


[Site "https://www.chess.com"]

[Event "Titled Tuesday Blitz December 14 2021"]
[White "Arutinian, David"]
[Black "Dev, Shah"]
[WhiteFideId "13601741"]
[BlackFideId "35019058"]
[WhiteElo "2525"]
[BlackElo "2098"]
[Result "1-0"]
[Round "10"]
[TimeControl "180+1"]
[Date "2021.12.14"]
[WhiteClock "0:00:16"]
[BlackClock "0:00:04"]

1. Nf3 Nf6 2. c4 c5 3. Nc3 Nc6 4. e3 d5 5. cxd5 Nxd5 6. Bc4 Nxc3 7. bxc3 e5 8. O-O e4 9. Ne1 Bd6 10. d4 exd3 11. Qxd3 O-O 12. Qe2 Ne5 13. Bb3 Qc7 14. h3 c4 15. Bc2 Be6 16. e4 Bc5 17. Be3 Ng6 18. Nf3 Nf4 19. Qd2 Rad8 20. Nd4 Ng6 21. f4 f5 22. e5 Bxd4 23. Bxd4 Ne7 24. Qf2 b6 25. Kh2 Kh8 26. Rad1 Rg8 27. Rg1 g5 28. fxg5 Rxg5 29. Be3 Rg6 30. Rd6 Rxd6 31. exd6 Qxd6+ 32. Bf4 Qc6 33. Re1 Nd5 34. Be5+ Kg8 35. g3 Qd7 36. Bd4 Qd6 37. Re5 Ne7 38. Qe3 Nc6 39. Bxf5 Nxe5 40. Bxe5 Qc5 41. Qxc5 bxc5 42. Bxg6 hxg6 43. Bd6 Bf5 44. Bxc5 a6 45. a3 Kf7 46. g4 Bd3 47. Kg3 g5 48. Bb6 Ke6 49. Bd8 Kd5 50. Bxg5 Ke4 51. h4 Ke5 52. h5 Bh7 53. Be3 Ke4 54. Bd4 Kd3 55. g5 Ke4 56. g6 Bg8 57. h6 1-0


[Site "https://www.chess.com"]

[Event "Titled Tuesday Blitz December 14 2021"]
[White "Atabayev, Saparmyrat"]
[Black "Makarian, Rudik"]
[WhiteFideId "14000571"]
[BlackFideId "44105681"]
[WhiteElo "2483"]
[BlackElo "2486"]
[Result "1-0"]
[Round "10"]
[TimeControl "180+1"]
[Date "2021.12.14"]
[WhiteClock "0:01:15"]
[BlackClock "0:00:51"]

1. e4 c5 2. d4 e6 3. d5 d6 4. Nc3 e5 5. f4 exf4 6. Bxf4 a6 7. Nf3 Bg4 8. h3 Bxf3 9. Qxf3 Nd7 10. Qg3 Ngf6 11. Be2 Qe7 12. O-O Ne5 13. a4 Nfd7 14. a5 g6 15. Bg4 Bg7 16. Bg5 f6 17. Bf4 Nxg4 18. Bxd6 Qf7 19. hxg4 Bf8 20. g5 Bxd6 21. Qxd6 Qe7 22. Qxe7+ Kxe7 23. gxf6+ Nxf6 24. e5 Ng4 25. e6 Rhf8 26. Rfe1 Rf4 27. Rad1 Rd8 28. d6+ Ke8 29. d7+ 1-0


[Site "https://www.chess.com"]

[Event "Titled Tuesday Blitz December 14 2021"]
[White "Azadaliyev, Jahandar"]
[Black "Nazaretyan, Tigran"]
[WhiteFideId "13425811"]
[BlackFideId "24162345"]
[WhiteElo "1795"]
[BlackElo "2192"]
[Result "1-0"]
[Round "10"]
[TimeControl "180+1"]
[Date "2021.12.14"]
[WhiteClock "0:00:59"]
[BlackClock "0:00:15"]

1. d4 Nf6 2. c4 c5 3. d5 e6 4. Nc3 exd5 5. cxd5 d6 6. Nf3 Be7 7. g3 O-O 8. Bg2 a6 9. a4 b6 10. O-O Nbd7 11. e4 Re8 12. Re1 Bf8 13. Bg5 h6 14. Bf4 g5 15. Bd2 Bg7 16. h4 g4 17. Nh2 Ne5 18. Bf4 Bd7 19. Qd2 Kh7 20. Rad1 b5 21. axb5 axb5 22. Qe2 c4 23. Bxe5 Rxe5 24. Qe3 b4 25. Ne2 Ra2 26. Qc1 Nxe4 27. Qb1 Qa5 28. Bxe4+ f5 29. Bg2 Re8 30. Nf4 Rxb2 31. Qc1 c3 32. Ne6 Bxe6 33. dxe6 Qc5 34. Qf4 b3 35. Rd5 Qxf2+ 36. Qxf2 Rxf2 37. Kxf2 b2 38. Rxf5 c2 39. Be4 c1=Q 40. Rf8# 1-0


[Site "https://www.chess.com"]

[Event "Titled Tuesday Blitz December 14 2021"]
[White "Babazada, Khazar"]
[Black "Tsvetkov, Andrey"]
[WhiteFideId "13413554"]
[BlackFideId "34139360"]
[WhiteElo "2302"]
[BlackElo "2280"]
[Result "1-0"]
[Round "10"]
[TimeControl "180+1"]
[Date "2021.12.14"]
[WhiteClock "0:01:01"]
[BlackClock "0:00:10"]

1. Nf3 d5 2. c4 e6 3. g3 dxc4 4. Qa4+ Nd7 5. Qxc4 a6 6. Bg2 b5 7. Qc2 Bb7 8. O-O Ngf6 9. d4 c5 10. Rd1 cxd4 11. Nxd4 Bxg2 12. Kxg2 Rc8 13. Qd3 Bc5 14. Nc3 O-O 15. Nb3 Bb4 16. Ne4 Nxe4 17. Qxe4 Nf6 18. Rxd8 Nxe4 19. Rxf8+ Kxf8 20. Be3 Rc2 21. Rb1 e5 22. a3 Bd6 23. Kf1 Ke7 24. Ke1 f5 25. f3 Nf6 26. Kd1 Rc8 27. Rc1 Rd8 28. Ke1 h6 29. Rc6 Nd5 30. Bc5 Bxc5 31. Nxc5 Ne3 32. Re6+ Kf7 33. Rxe5 Nc4 34. Rxf5+ Kg6 35. Rf4 Nxb2 36. Nxa6 Ra8 37. Nc7 Rxa3 38. Nxb5 Ra1+ 39. Kf2 Nd1+ 40. Kg2 Ne3+ 41. Kh3 Ra5 42. Re4 Nd1 43. Re5 Kf6 44. f4 Nf2+ 45. Kg2 Ng4 46. Rc5 Ra2 47. Nc3 Rb2 48. h3 Ne3+ 49. Kf3 Nc2 50. Nd5+ Ke6 51. e4 h5 52. Rc6+ Kd7 53. Rg6 Rb3+ 54. Ke2 Nd4+ 55. Kd2 Nf3+ 56. Kd1 Ng1 57. Kc2 Rf3 58. e5 Nxh3 59. Rd6+ Ke8 60. e6 h4 61. e7 1-0


[Site "https://www.chess.com"]

[Event "Titled Tuesday Blitz December 14 2021"]
[White "Bacrot, Etienne"]
[Black "Alikhanov, Felix"]
[WhiteFideId "605506"]
[BlackFideId "4157427"]
[WhiteElo "2673"]
[BlackElo "2425"]
[Result "1-0"]
[Round "10"]
[TimeControl "180+1"]
[Date "2021.12.14"]
[WhiteClock "0:00:27"]
[BlackClock "0:00:03"]

1. d4 Nf6 2. Nf3 g6 3. Bf4 Bg7 4. Nc3 O-O 5. e4 d6 6. h4 h5 7. Be2 c6 8. Qd2 b5 9. a3 a5 10. Bh6 Bb7 11. Bxg7 Kxg7 12. Ng5 b4 13. Nd1 c5 14. Bc4 d5 15. exd5 Bxd5 16. Bxd5 Qxd5 17. Nf3 Nc6 18. Ne3 Qe4 19. dxc5 Rad8 20. Qe2 Ng4 21. Ng5 Qe5 22. Nxg4 Qxe2+ 23. Kxe2 Nd4+ 24. Kd3 hxg4 25. axb4 axb4 26. Kc4 f6 27. Rhd1 e5 28. Ra7+ Kg8 29. Ne4 f5 30. Ng5 Nxc2 31. Rxd8 Rxd8 32. c6 Nd4 33. c7 Rc8 34. Kc5 Kf8 35. Kb6 Ke7 36. Ra5 Kd6 37. Nf7+ Kd7 38. Nxe5+ Kd6 39. Nc4+ Ke6 40. Re5+ Kf7 41. Kb7 Rg8 42. c8=Q Rxc8 43. Kxc8 1-0


[Site "https://www.chess.com"]

[Event "Titled Tuesday Blitz December 14 2021"]
[White "Belous, Vladimir"]
[Black "Paravyan, David"]
[WhiteFideId "4174003"]
[BlackFideId "4194985"]
[WhiteElo "2510"]
[BlackElo "2656"]
[Result "0-1"]
[Round "10"]
[TimeControl "180+1"]
[Date "2021.12.14"]
[WhiteClock "0:01:13"]
[BlackClock "0:02:05"]

1. c4 g6 2. Nc3 c5 3. Nf3 Bg7 4. g3 Nc6 5. Bg2 e6 6. O-O Nge7 7. d3 O-O 8. Bg5 h6 9. Bf4 d5 10. cxd5 Nxd5 11. Nxd5 exd5 12. Qc1 g5 13. Bd2 Qe7 14. Re1 Be6 15. e3 Rac8 16. Bc3 d4 17. Bd2 dxe3 18. Bxe3 Nb4 19. Rd1 Rfd8 20. Ne1 Bf5 21. Qc4 Bxb2 22. Rab1 Bd4 23. Bxd4 Rxd4 24. Qb5 b6 25. a3 Bd7 0-1


[Site "https://www.chess.com"]

[Event "Titled Tuesday Blitz December 14 2021"]
[White "Belyakov, Bogdan"]
[Black "Wagner, Dennis"]
[WhiteFideId "24104795"]
[BlackFideId "24650684"]
[WhiteElo "2407"]
[BlackElo "2355"]
[Result "1/2-1/2"]
[Round "10"]
[TimeControl "180+1"]
[Date "2021.12.14"]
[WhiteClock "0:00:54"]
[BlackClock "0:00:03"]

1. e4 c5 2. c3 Nf6 3. e5 Nd5 4. d4 cxd4 5. cxd4 d6 6. Nf3 Nc6 7. Bc4 Nb6 8. Bb5 Bd7 9. Nc3 e6 10. O-O dxe5 11. dxe5 Be7 12. Qe2 O-O 13. Qe4 Nb4 14. Rd1 Qc8 15. Bxd7 Nxd7 16. a3 Nc6 17. Bg5 h6 18. Bxe7 Nxe7 19. Rac1 Nc5 20. Qb4 b6 21. Qb5 Qc6 22. b4 Qxb5 23. Nxb5 Na4 24. Rc7 a6 25. Rxe7 axb5 26. Rdd7 Nc3 27. Rb7 Nd5 28. Red7 Rxa3 29. h3 Rb3 30. Nd4 Rxb4 31. Nxe6 Re8 32. Nxg7 Kxg7 33. Rxd5 Rb1+ 34. Kh2 Re1 35. f4 b4 36. Rdd7 Rf8 37. Rxb6 Re4 38. Kg3 h5 39. Kf3 Rc4 40. e6 Rc3+ 41. Ke4 b3 42. g4 Rxh3 43. gxh5 Rxh5 44. Rxb3 Ra5 45. Rbb7 Ra4+ 46. Kf3 Kf6 47. Rxf7+ Rxf7 48. exf7 Kg7 49. Kg4 Ra5 50. f5 Ra1 51. f8=Q+ Kxf8 52. Kg5 Ra6 1/2-1/2


[Site "https://www.chess.com"]

[Event "Titled Tuesday Blitz December 14 2021"]
[White "Chigaev, Maksim"]
[Black "Bortnyk, Olexandr"]
[WhiteFideId "4108116"]
[BlackFideId "14120828"]
[WhiteElo "2546"]
[BlackElo "2723"]
[Result "0-1"]
[Round "10"]
[TimeControl "180+1"]
[Date "2021.12.14"]
[WhiteClock "0:00:06"]
[BlackClock "0:00:32"]

1. Nf3 d5 2. d4 g6 3. Bf4 Bg7 4. e3 Nf6 5. Nbd2 O-O 6. h3 c5 7. dxc5 Qa5 8. c3 Qxc5 9. Nb3 Qb6 10. Qd4 Qd8 11. Be2 Nc6 12. Qa4 Bd7 13. Nc5 Be8 14. Nxb7 Qb6 15. Qb5 Ne4 16. Rd1 e5 17. Bh2 Rb8 18. Qxd5 Nf6 19. Qb3 Rxb7 20. Qxb6 Rxb6 21. b3 Ne4 22. c4 Nc3 23. Rd2 Ra6 24. a4 Rb6 25. Rb2 Nxa4 26. Ra2 Nc3 27. Ra3 Nb1 28. Ra2 Rxb3 29. Nd2 Nxd2 30. Kxd2 Nb4 31. Rxa7 Rb2+ 32. Kc3 e4+ 0-1


[Site "https://www.chess.com"]

[Event "Titled Tuesday Blitz December 14 2021"]
[White "Cunha, Lucas Aguiar"]
[Black "Durarbayli, Vasif"]
[WhiteFideId "2125404"]
[BlackFideId "13402935"]
[WhiteElo "2361"]
[BlackElo "2599"]
[Result "0-1"]
[Round "10"]
[TimeControl "180+1"]
[Date "2021.12.14"]
[WhiteClock "0:00:07"]
[BlackClock "0:00:11"]

1. e4 c5 2. Nf3 d6 3. d4 cxd4 4. Qxd4 Nf6 5. Be2 g6 6. O-O Bg7 7. Nc3 O-O 8. Rd1 Nc6 9. Qe3 Ng4 10. Qf4 Qb6 11. Qg3 Bxc3 12. bxc3 Qc5 13. h3 Nf6 14. Bd3 Be6 15. c4 Bxc4 16. Be3 Qb5 17. Rab1 Qa6 18. Bh6 Rfe8 19. Ng5 Rac8 20. Qh4 Ne5 21. f4 Nxd3 22. cxd3 Bxd3 23. e5 dxe5 24. fxe5 Bxb1 25. exf6 exf6 26. Rxb1 Qd3 27. Rf1 Rc4 28. Qf2 Qd4 29. Qxd4 Rxd4 30. Nf3 Rd7 31. Rf2 Re6 32. Bd2 Kg7 33. Bc3 Rc6 34. Bd4 b5 35. g4 h6 36. h4 Rc4 37. Rd2 Kg8 38. Kf2 a5 39. Ke3 Re7+ 40. Kd3 Re6 41. Rg2 Rd6 42. Ke3 Ra4 43. g5 Ra3+ 44. Ke4 Rxf3 45. Kxf3 Rxd4 46. gxf6 Rxh4 47. Rc2 g5 48. Rc8+ Kh7 49. Rc7 Kg6 50. Rb7 Rf4+ 51. Ke3 b4 52. Rb5 Rf5 53. Rb6 Rxf6 54. Rb5 Rf5 55. Rb6+ f6 56. Rb7 Re5+ 57. Kd4 h5 58. Rb8 Kf5 59. Rb7 h4 60. Rg7 Kg4 61. Rg6 Rf5 62. Ke4 Rf4+ 63. Ke3 a4 64. Rh6 b3 65. axb3 axb3 66. Rh8 h3 67. Rb8 h2 0-1


[Site "https://www.chess.com"]

[Event "Titled Tuesday Blitz December 14 2021"]
[White "Djordjevic, Vuk"]
[Black "Zubov, Alexander"]
[WhiteFideId "902098"]
[BlackFideId "14109409"]
[WhiteElo "2463"]
[BlackElo "2685"]
[Result "0-1"]
[Round "10"]
[TimeControl "180+1"]
[Date "2021.12.14"]
[WhiteClock "0:00:03"]
[BlackClock "0:00:10"]

1. d4 Nf6 2. Bg5 d5 3. Bxf6 gxf6 4. e3 c5 5. dxc5 e6 6. Nf3 Bxc5 7. c4 dxc4 8. Nbd2 c3 9. bxc3 Bf8 10. Qa4+ Bd7 11. Bb5 Nc6 12. Nd4 Qc7 13. O-O Bg7 14. Ne4 O-O 15. Nc5 Nxd4 16. cxd4 Bxb5 17. Qxb5 b6 18. Nd3 Rfc8 19. Rac1 Qb7 20. h3 a6 21. Qb3 b5 22. Nc5 Qb6 23. Rc2 Rc7 24. Rfc1 Rac8 25. Qd3 f5 26. Nb3 Bf8 27. Rxc7 Rxc7 28. Rxc7 Qxc7 29. Kf1 Qh2 30. d5 Qd6 31. Ke2 f4 32. dxe6 Qxe6 33. Qd4 fxe3 34. fxe3 h5 35. Qf4 Be7 36. Qg3+ Kh7 37. Qf3 Kg6 38. Qf4 Bg5 39. Qd4 Qf5 40. Qd3 Kf6 41. Qxf5+ Kxf5 42. Nc5 a5 43. Nb7 a4 44. Nd6+ Ke6 45. Nxb5 Bf6 46. Kd3 Kd5 47. Nc3+ Bxc3 48. Kxc3 Ke4 49. Kb4 Kxe3 50. Kxa4 Kf2 51. Kb4 Kxg2 52. h4 f5 53. a4 f4 54. a5 f3 55. a6 f2 56. a7 f1=Q 57. a8=Q+ Kg3 58. Qe8 Qf4+ 59. Kc3 Kxh4 60. Qe7+ Kg3 61. Qg7+ Kh2 62. Kd3 Qg3+ 63. Qxg3+ Kxg3 64. Ke2 Kg2 0-1


[Site "https://www.chess.com"]

[Event "Titled Tuesday Blitz December 14 2021"]
[White "Dobrov, Vladimir"]
[Black "Tsydypov, Zhamsaran"]
[WhiteFideId "4136594"]
[BlackFideId "4108566"]
[WhiteElo "2614"]
[BlackElo "2614"]
[Result "0-1"]
[Round "10"]
[TimeControl "180+1"]
[Date "2021.12.14"]
[WhiteClock "0:00:05"]
[BlackClock "0:01:12"]

1. d4 Nf6 2. c4 g6 3. Nc3 Bg7 4. e4 O-O 5. Be2 d6 6. Nf3 Bg4 7. Be3 Nfd7 8. Ng1 Bxe2 9. Ngxe2 c5 10. d5 Ne5 11. b3 Ng4 12. Bd2 a6 13. h3 Nf6 14. a4 Re8 15. O-O e6 16. Ng3 Nbd7 17. dxe6 Rxe6 18. f4 Qb6 19. a5 Qc7 20. Qf3 h5 21. f5 Ne5 22. Qe2 Ree8 23. fxg6 fxg6 24. Bg5 Nh7 25. Nd5 Qd7 26. Bf4 Rad8 27. Rad1 Nc6 28. Qe1 Nd4 29. b4 Qa4 30. bxc5 dxc5 31. e5 Qxc4 32. Nb6 Qe6 33. Ne4 Qc6 34. Nc4 Qd5 35. Ned6 Re6 36. Kh1 g5 37. Bh2 g4 38. hxg4 hxg4 39. Qh4 Rd7 40. Qxg4 Nf8 41. Ne3 Qb3 42. Rxd4 cxd4 43. Nef5 Rg6 44. Qe4 Qe6 45. Nxd4 Qg4 46. Qd5+ Kh7 47. Rf4 Qd1+ 0-1


[Site "https://www.chess.com"]

[Event "Titled Tuesday Blitz December 14 2021"]
[White "Gabrielian, Artur"]
[Black "Vovk, Orest"]
[WhiteFideId "4131002"]
[BlackFideId "14113490"]
[WhiteElo "2440"]
[BlackElo "2203"]
[Result "0-1"]
[Round "10"]
[TimeControl "180+1"]
[Date "2021.12.14"]
[WhiteClock "0:00:51"]
[BlackClock "0:00:28"]

1. e4 g5 2. d4 h6 3. Nc3 Bg7 4. h4 c5 5. dxc5 Bxc3+ 6. bxc3 Qa5 7. hxg5 hxg5 8. Rxh8 Qxc3+ 9. Bd2 Qxh8 10. Bxg5 Qe5 11. Be3 Qc3+ 12. Bd2 Qxc5 13. Qg4 Nf6 14. Qh4 d6 15. Rb1 Nc6 16. Nf3 Qxc2 17. Rc1 Qxe4+ 18. Qxe4 Nxe4 19. Be3 Be6 20. a3 Rc8 21. Bd3 Nf6 22. Ng5 Bd5 23. Kd2 Kd7 24. f3 a6 25. Rb1 b5 26. a4 Ne5 27. axb5 Nxd3 28. Kxd3 axb5 29. Bd4 e5 30. Bc3 Bc4+ 31. Kd2 Nd5 32. Bb2 Rg8 33. g4 Rxg5 34. Ra1 f5 35. Ra7+ Ke6 36. gxf5+ Kxf5 37. Ke1 Rg2 38. Bc1 Re2+ 39. Kf1 Rc2+ 40. Ke1 Rxc1+ 41. Kf2 Rc2+ 42. Kg3 e4 43. Ra8 Rc3 44. Rf8+ Kg6 45. Kh4 Rxf3 46. Rd8 Rf6 47. Re8 e3 0-1


[Site "https://www.chess.com"]

[Event "Titled Tuesday Blitz December 14 2021"]
[White "Gaehwiler, Gabriel"]
[Black "Terry, Renato"]
[WhiteFideId "1314530"]
[BlackFideId "3803457"]
[WhiteElo "2383"]
[BlackElo "2577"]
[Result "0-1"]
[Round "10"]
[TimeControl "180+1"]
[Date "2021.12.14"]
[WhiteClock "0:00:12"]
[BlackClock "0:00:36"]

1. Nf3 Nf6 2. c4 b6 3. g3 Bb7 4. Bg2 g6 5. O-O Bg7 6. d4 e6 7. b3 O-O 8. Bb2 Ne4 9. Nc3 f5 10. Qc2 Nxc3 11. Bxc3 Be4 12. Qb2 d6 13. Rad1 Nd7 14. d5 Bxc3 15. Qxc3 e5 16. h4 Bxf3 17. exf3 a5 18. Qd2 Qf6 19. f4 Rae8 20. Rfe1 Re7 21. fxe5 Nxe5 22. f4 Nd7 23. Rxe7 Qxe7 24. Re1 Qf7 25. Bf3 Re8 26. Kf2 Nc5 27. Rxe8+ Qxe8 28. Qe3 Qd8 29. Qd4 Kf7 30. Ke3 Nd7 31. Kd2 Nf6 32. Qe3 Qd7 33. Kc3 h6 34. a3 Kf8 35. Qd4 Qg7 36. Kc2 Qe7 37. Kd2 Kf7 38. Qe3 Qd7 39. Kc3 Qc8 40. Kc2 Kf8 41. Kc3 Qd7 42. Kc2 Qg7 43. Qd4 g5 44. hxg5 hxg5 45. fxg5 Qxg5 46. Qf4 Nh7 47. Be2 Kg7 48. Bd3 Kg6 49. Kd2 Nf6 50. Ke2 Nh5 51. Qxg5+ Kxg5 52. Kf3 Nf6 53. b4 Ng4 54. Be2 Kf6 55. Kf4 Ne5 56. Bf1 Ng6+ 57. Ke3 Ke5 58. Bd3 Ne7 59. Be2 axb4 60. axb4 b5 61. Kd3 bxc4+ 62. Kxc4 Nxd5 63. Bf3 Ne7 64. Bg2 Ng8 65. Kb5 Ne7 66. Kc4 Ke6 67. Kd4 Ng6 68. Bd5+ Ke7 69. Bf3 Ne5 70. Be2 Ke6 71. Bd1 Nc6+ 72. Kc4 Ke5 73. Bf3 Nd4 74. Bd1 Ke4 75. b5 Ke5 76. Bh5 Ne6 77. Bf3 Ng5 78. Bg2 Ne4 0-1


[Site "https://www.chess.com"]

[Event "Titled Tuesday Blitz December 14 2021"]
[White "Horvath, Dominik"]
[Black "Nikologorskiy, Konstantin"]
[WhiteFideId "1642561"]
[BlackFideId "24111708"]
[WhiteElo "2336"]
[BlackElo "2346"]
[Result "0-1"]
[Round "10"]
[TimeControl "180+1"]
[Date "2021.12.14"]
[WhiteClock "0:00:02"]
[BlackClock "0:00:15"]

1. e4 c5 2. c3 d5 3. exd5 Qxd5 4. d4 Nc6 5. Nf3 Bg4 6. Be2 e6 7. O-O Nf6 8. h3 Bf5 9. Na3 cxd4 10. Nb5 Rc8 11. Nfxd4 Nxd4 12. Nxd4 Bc5 13. Qa4+ Ke7 14. Nxf5+ Qxf5 15. Bf3 b5 16. Qa6 Rhd8 17. a4 Rb8 18. axb5 Rxb5 19. Bc6 Rbb8 20. Qe2 Kf8 21. b4 Bb6 22. Be3 Qd3 23. Qxd3 Rxd3 24. Bxb6 axb6 25. c4 Rc3 26. Rfc1 Rxc1+ 27. Rxc1 Ke7 28. Bf3 Nd7 29. c5 bxc5 30. bxc5 Rc8 31. c6 Ne5 32. Be4 f5 33. f4 Ng6 34. Bf3 Nxf4 35. Rb1 Nd5 36. Rb7+ Kf6 37. Bxd5 exd5 38. c7 Ke5 39. Kf2 Kd6 40. Kf3 Rxc7 41. Rb6+ Ke5 42. Rb8 Rc3+ 43. Kf2 d4 44. Re8+ Kf4 45. Re7 Rc2+ 46. Kg1 d3 47. Kh2 d2 48. Rd7 g5 49. Rd3 Ke4 50. Rd7 h5 51. h4 g4 52. Rd8 f4 53. Re8+ Kd3 54. Rd8+ Ke2 55. g3 d1=Q 56. Re8+ Kf3+ 57. Re2 Rxe2# 0-1


[Site "https://www.chess.com"]

[Event "Titled Tuesday Blitz December 14 2021"]
[White "Ibarra Jerez, Jose Carlos"]
[Black "Leitao, Rafael"]
[WhiteFideId "2226332"]
[BlackFideId "2101246"]
[WhiteElo "2626"]
[BlackElo "2609"]
[Result "1/2-1/2"]
[Round "10"]
[TimeControl "180+1"]
[Date "2021.12.14"]
[WhiteClock "0:00:06"]
[BlackClock "0:00:04"]

1. Nf3 Nf6 2. g3 d5 3. Bg2 e6 4. O-O Be7 5. c4 O-O 6. b3 d4 7. e3 c5 8. Ne5 Nfd7 9. exd4 cxd4 10. Nxd7 Nxd7 11. d3 a5 12. Na3 Nc5 13. Re1 Bd7 14. Nc2 Bc6 15. Bxc6 bxc6 16. Qf3 Qd7 17. Bb2 Bf6 18. Ba3 Be7 19. Re5 Qa7 20. Rae1 Rfc8 21. Kg2 Nd7 22. R5e4 Bxa3 23. Nxa3 e5 24. Nc2 a4 25. Nxd4 Nf6 26. Nf5 Nxe4 27. Rxe4 f6 28. d4 Rc7 29. dxe5 fxe5 30. Rxe5 Rf8 31. Qe2 Rcf7 32. g4 Kh8 33. Re6 Qd7 34. Qe4 c5 35. h4 axb3 36. axb3 Qb7 37. f3 Qxe4 38. Rxe4 Rb7 39. Re3 Rfb8 40. Nd6 Rxb3 41. Re5 Rf8 42. Nf5 g6 43. Nh6 Rbxf3 44. g5 Rf2+ 45. Kg3 R8f3+ 46. Kg4 Rf4+ 47. Kg3 R2f3+ 48. Kg2 Rf2+ 49. Kg3 R4f3+ 50. Kg4 Rf4+ 51. Kg3 1/2-1/2


[Site "https://www.chess.com"]

[Event "Titled Tuesday Blitz December 14 2021"]
[White "Jobava, Baadur"]
[Black "Samsonkin, Artiom"]
[WhiteFideId "13601520"]
[BlackFideId "13503111"]
[WhiteElo "2689"]
[BlackElo "2513"]
[Result "1-0"]
[Round "10"]
[TimeControl "180+1"]
[Date "2021.12.14"]
[WhiteClock "0:01:39"]
[BlackClock "0:00:10"]

1. b3 e5 2. Bb2 Nc6 3. Nf3 d6 4. d4 g6 5. dxe5 Bg7 6. Nc3 Nxe5 7. Nxe5 Bxe5 8. Qd2 Ne7 9. e4 Bg7 10. f4 b6 11. Bb5+ Bd7 12. Bxd7+ Qxd7 13. O-O-O O-O-O 14. Qe2 Qc6 15. Rd3 Rhe8 16. Rhd1 f5 17. Re1 fxe4 18. Qxe4 Nd5 19. Nxd5 Bxb2+ 20. Kxb2 Rxe4 21. Rxe4 Kb8 22. Rc4 Qe8 23. Rxc7 Rc8 24. Rxc8+ Qxc8 25. g3 Qe6 26. Rd2 h5 27. c4 Kb7 28. a4 a6 29. Kc3 Qe1 30. Kc2 Qe4+ 31. Kb2 Qe1 32. Rc2 Qe4 33. Nc3 Qd4 34. Re2 Kc6 35. Kc2 Qg1 36. Nd5 Qa1 37. Nb4+ Kc5 38. Nxa6+ Kd4 39. Rd2+ Ke4 40. Nb4 Qa3 41. Nd3 Ke3 42. Nb2 Qc5 43. Nd1+ Kf3 44. Nc3 Qf5+ 45. Kb2 Ke3 46. Kc1 Qh3 47. Nd5+ Ke4 48. Kc2 Qf1 49. Nxb6 Qa1 50. Nd5 Qa2+ 51. Kc3 Qa1+ 52. Kb4 Qe1 53. Nc3+ Kf5 54. Re2 Qg1 55. a5 Qc5+ 56. Ka4 Qc6+ 57. Nb5 Qf3 58. Nxd6+ Kg4 59. Rd2 Qc3 60. Ne4 Qa1+ 61. Kb4 Qe1 62. Nf2+ Kf3 63. Kc3 Qc1+ 64. Rc2 Qe1+ 65. Kb2 Qxa5 66. Nd3 Ke3 67. Ne5 Qa7 68. c5 1-0


[Site "https://www.chess.com"]